[Event "DVM U10 2024"]
[Site "Duesseldorf"]
[Date "2024.12.28"]
[Round "4"]
[White "Dres, Friedrich"]
[Black "Seitov, Adela"]
[Result "1-0"]
[ECO "C57"]
[WhiteElo "1123"]
[BlackElo "911"]
[Annotator "NA"]
[PlyCount "68"]
[EventDate "2024.12.23"]
[EventType "team-tourn"]
[EventRounds "7"]
[EventCountry "GER"]
[SourceTitle "playchess.com"]
[Source "ChessBase"]
[SourceQuality "1"]
[TimeControl "3300+5"]

1. e4 e5 2. Nf3 Nc6 3. Bc4 Nf6 4. Ng5 Na5 5. Bxf7+ Ke7 6. Bb3 Nxb3 7. cxb3 Ke8 8. O-O Bc5 9. Nc3 d6 10. b4 Bxb4 11. Qb3 Qe7 12. Qxb4 a5 13. Qb3 a4 14. Nxa4 h6 15. Nf3 Nxe4 16. d4 Qf6 17. Nc3 Nxc3 18. Qxc3 Qg6 19. dxe5 Bh3 20. Nh4 Qg4 21. Qxh3 Qxh3 22. gxh3 d5 23. Re1 Kd7 24. Bf4 g5 25. Ng6 gxf4 26. Nxh8 Rxh8 27. Rad1 Rg8+ 28. Kh1 Kc6 29. f3 Rg2 30. Rf1 Rg7 31. Rg1 Re7 32. h4 h5 33. Rg8 Kb6 34. Kg1 Ka7 1-0

[Event "DVM U10 2024"]
[Site "Duesseldorf"]
[Date "2024.12.28"]
[Round "4"]
[White "Goyush, Shams"]
[Black "Pawlus, Daniel"]
[Result "0-1"]
[ECO "B22"]
[WhiteElo "1122"]
[BlackElo "1521"]
[Annotator "NA"]
[PlyCount "130"]
[EventDate "2024.12.23"]
[EventType "team-tourn"]
[EventRounds "7"]
[EventCountry "GER"]
[SourceTitle "playchess.com"]
[Source "ChessBase"]
[SourceQuality "1"]
[TimeControl "3300+5"]

1. e4 c5 2. c3 Nf6 3. e5 Nd5 4. d4 cxd4 5. cxd4 e6 6. Nf3 d6 7. a3 Bd7 8. Bd3 Be7 9. O-O O-O 10. Qe2 Bc6 11. Nc3 Nd7 12. Bc2 N7b6 13. Qd3 f5 14. exf6 Nxf6 15. Bg5 g6 16. Nh4 Be8 17. Rfe1 Bf7 18. Re2 e5 19. Rae1 Bc4 20. Qe3 Ng4 21. Qe4 Bxe2 22. Nxg6 Bxg5 23. Nxf8 Kxf8 24. Rxe2 Nf6 25. Qf5 h6 26. Ne4 Qd7 27. Qg6 Qg7 28. Qf5 Kf7 29. Bb3+ Kf8 30. Nxd6 Qc7 31. g3 Qxd6 32. Qg6 Qe7 33. Rxe5 Qg7 34. Qf5 Re8 35. Rxe8+ Kxe8 36. Qb5+ Qd7 37. Qe5+ Qe7 38. Qb5+ Kf8 39. Qf5 Qe1+ 40. Kg2 Qe4+ 41. Qxe4 Nxe4 42. Kf3 Nd2+ 43. Kg4 Nxb3 44. Kf5 Nxd4+ 45. Ke4 Nc6 46. Kf5 Nc4 47. f4 Be7 48. g4 Nxb2 49. h4 Bxa3 50. g5 hxg5 51. fxg5 Be7 52. Kg6 Bxg5 53. Kxg5 Kg7 54. h5 a5 55. h6+ Kh7 56. Kf5 a4 57. Ke4 a3 58. Kd5 a2 59. Kd6 a1=Q 60. Kc7 Kxh6 61. Kc8 Qa8+ 62. Kc7 Qb8+ 63. Kd7 Qd8+ 64. Ke6 Qe7+ 65. Kd5 Qe5# 0-1

[Event "DVM U10 2024"]
[Site "Duesseldorf"]
[Date "2024.12.28"]
[Round "4"]
[White "Qu, Mengdi"]
[Black "Obermeier, Vitus"]
[Result "0-1"]
[ECO "D50"]
[WhiteElo "1111"]
[BlackElo "982"]
[Annotator "NA"]
[PlyCount "90"]
[EventDate "2024.12.23"]
[EventType "team-tourn"]
[EventRounds "7"]
[EventCountry "GER"]
[SourceTitle "playchess.com"]
[Source "ChessBase"]
[SourceQuality "1"]
[TimeControl "3300+5"]

1. d4 d5 2. c4 e6 3. Nc3 Nf6 4. Bg5 c5 5. cxd5 cxd4 6. Qxd4 Nc6 7. Qa4 exd5 8. Rd1 Be6 9. e4 h6 10. exd5 hxg5 11. dxc6 Qe7 12. cxb7+ Bd7+ 13. Be2 Rb8 14. Qxa7 Qe5 15. Nf3 Qc7 16. Ba6 Bc5 17. Qa8 O-O 18. Nb5 Bxb5 19. Bxb5 Rxa8 20. bxa8=Q Rxa8 21. Rc1 Qa5+ 22. Nd2 Qxb5 23. a3 Qxb2 24. O-O Bxa3 25. Nc4 Qb3 26. Nd2 Qb8 27. Rb1 Qd6 28. Nc4 Qc7 29. Nd2 Ng4 30. Nf3 f5 31. h3 Ne5 32. Nxg5 Nc4 33. Nf3 g5 34. Rfd1 g4 35. hxg4 fxg4 36. Nh2 g3 37. Ng4 gxf2+ 38. Kxf2 Qf4+ 39. Kg1 Qxg4 40. Rb3 Bc5+ 41. Kh2 Qxd1 42. Rg3+ Kf7 43. Rf3+ Ke6 44. g3 Qxf3 45. Kh3 Rh8# 0-1

[Event "DVM U10 2024"]
[Site "Duesseldorf"]
[Date "2024.12.28"]
[Round "4"]
[White "Luible, Sebastian"]
[Black "Karabetyan, Levon"]
[Result "1-0"]
[ECO "D05"]
[WhiteElo "1104"]
[BlackElo "1230"]
[Annotator "NA"]
[PlyCount "115"]
[EventDate "2024.12.23"]
[EventType "team-tourn"]
[EventRounds "7"]
[EventCountry "GER"]
[SourceTitle "playchess.com"]
[Source "ChessBase"]
[SourceQuality "1"]
[TimeControl "3300+5"]

1. d4 d5 2. Nf3 c5 3. e3 Nf6 4. c3 e6 5. Bd3 Nbd7 6. Nbd2 b6 7. O-O Bb7 8. Qe2 Ne4 9. Bc2 Be7 10. Re1 O-O 11. c4 Ndf6 12. Nxe4 Nxe4 13. Nd2 Nd6 14. Qd3 Nf5 15. cxd5 Qxd5 16. e4 Qc6 17. d5 exd5 18. exf5 Bf6 19. Bd1 Rfe8 20. Rxe8+ Rxe8 21. Be2 d4 22. Bf3 Qc8 23. Bxb7 Qxb7 24. Nf3 Qd5 25. b3 Qe4 26. Qxe4 Rxe4 27. Bd2 h6 28. Re1 Rxe1+ 29. Nxe1 Kf8 30. Kf1 Ke7 31. Ke2 Kd6 32. Bf4+ Be5 33. Bxe5+ Kxe5 34. Kd3 Kxf5 35. Nc2 g5 36. Na3 h5 37. Nb5 a6 38. Nd6+ Ke6 39. Ne4 Kf5 40. Ng3+ Kg6 41. h3 h4 42. Ne4 f5 43. Nd6 f4 44. Nc4 b5 45. Ne5+ Kf5 46. Nd7 g4 47. f3 gxf3 48. gxf3 a5 49. Nxc5 Ke5 50. b4 axb4 51. Nb3 Kd5 52. Nxd4 Kc5 53. Nb3+ Kd5 54. Nd4 Kc5 55. Ne6+ Kb6 56. Nxf4 Ka5 57. Kc2 Ka4 58. Kb2 1-0

[Event "DVM U10 2024"]
[Site "Duesseldorf"]
[Date "2024.12.28"]
[Round "4"]
[White "Haberger, Nino"]
[Black "Balla, Virinchi"]
[Result "1/2-1/2"]
[ECO "B30"]
[WhiteElo "1098"]
[BlackElo "1123"]
[Annotator "NA"]
[PlyCount "81"]
[EventDate "2024.12.23"]
[EventType "team-tourn"]
[EventRounds "7"]
[EventCountry "GER"]
[SourceTitle "playchess.com"]
[Source "ChessBase"]
[SourceQuality "1"]
[TimeControl "3300+5"]

1. e4 c5 2. Bc4 e6 3. Nc3 Nc6 4. Nf3 Nf6 5. Bb3 Be7 6. O-O O-O 7. d3 d6 8. Bg5 h6 9. Bh4 a6 10. a3 b5 11. Qd2 Nd4 12. Nxd4 cxd4 13. Ne2 e5 14. c3 dxc3 15. Nxc3 Bb7 16. Rac1 Qd7 17. h3 Nxe4 18. Nxe4 Bxh4 19. Rc2 d5 20. Nc5 Qe7 21. Nxb7 Qxb7 22. Rc5 Rad8 23. Qe2 Be7 24. Rc2 e4 25. dxe4 dxe4 26. Re1 Bd6 27. Qxe4 Qxe4 28. Rxe4 Rfe8 29. Rxe8+ Rxe8 30. Rc1 a5 31. a4 b4 32. Bc4 Bf4 33. Rd1 Bc7 34. b3 Re4 35. f3 Re3 36. Rd3 Rxd3 37. Bxd3 g5 38. g4 Kg7 39. Kf2 Kf6 40. Kg2 Ke5 41. Bc4 1/2-1/2

[Event "DVM U10 2024"]
[Site "Duesseldorf"]
[Date "2024.12.28"]
[Round "4"]
[White "Städler, Jannis"]
[Black "Gheng, Hannes Lucas"]
[Result "0-1"]
[ECO "B40"]
[WhiteElo "1082"]
[BlackElo "1482"]
[Annotator "NA"]
[PlyCount "56"]
[EventDate "2024.12.23"]
[EventType "team-tourn"]
[EventRounds "7"]
[EventCountry "GER"]
[SourceTitle "playchess.com"]
[Source "ChessBase"]
[SourceQuality "1"]
[TimeControl "3300+5"]

1. e4 c5 2. Bc4 e6 3. Nf3 d5 4. exd5 exd5 5. Bb5+ Nd7 6. O-O Be7 7. Re1 a6 8. Bxd7+ Bxd7 9. Nc3 Nf6 10. d3 O-O 11. Bg5 d4 12. Ne4 Re8 13. Bxf6 Bxf6 14. Nxc5 Bc6 15. Qd2 Bxf3 16. gxf3 Bh4 17. Rxe8+ Qxe8 18. Re1 Qc6 19. Ne4 f5 20. Ng3 Qxf3 21. Re2 f4 22. Qe1 Kf7 23. Ne4 Qg4+ 24. Kf1 f3 25. Nd6+ Kf6 26. Ne4+ Kg6 27. Ng3 Qh3+ 28. Kg1 Qg2# 0-1

[Event "DVM U10 2024"]
[Site "Duesseldorf"]
[Date "2024.12.28"]
[Round "4"]
[White "Pardo Lorz, Noah"]
[Black "von der Thüsen, Gottfried"]
[Result "0-1"]
[ECO "C27"]
[WhiteElo "1067"]
[BlackElo "1041"]
[Annotator "NA"]
[PlyCount "60"]
[EventDate "2024.12.23"]
[EventType "team-tourn"]
[EventRounds "7"]
[EventCountry "GER"]
[SourceTitle "playchess.com"]
[Source "ChessBase"]
[SourceQuality "1"]
[TimeControl "3300+5"]

1. e4 d6 2. Bc4 e5 3. Nc3 Nf6 4. d3 Be6 5. Bxe6 fxe6 6. Nf3 Nc6 7. Be3 d5 8. exd5 exd5 9. Bg5 d4 10. Nb5 a6 11. Na3 h6 12. Bxf6 Qxf6 13. c3 O-O-O 14. cxd4 exd4 15. Qd2 Re8+ 16. Kd1 Bb4 17. Qc2 Re6 18. Re1 Rhe8 19. Re2 Rxe2 20. Qxe2 Rxe2 21. Kxe2 Ne5 22. Nxe5 Qxe5+ 23. Kf1 Qc5 24. Nc4 b5 25. b3 bxc4 26. bxc4 Qf5 27. a3 Bc3 28. Ra2 Qxd3+ 29. Re2 Qd1+ 30. Re1 Qxe1# 0-1

[Event "DVM U10 2024"]
[Site "Duesseldorf"]
[Date "2024.12.28"]
[Round "4"]
[White "Schacht, Jakob Otto"]
[Black "Schonlau, Leopold"]
[Result "1-0"]
[ECO "C47"]
[WhiteElo "1064"]
[BlackElo "1533"]
[Annotator "NA"]
[PlyCount "101"]
[EventDate "2024.12.23"]
[EventType "team-tourn"]
[EventRounds "7"]
[EventCountry "GER"]
[SourceTitle "playchess.com"]
[Source "ChessBase"]
[SourceQuality "1"]
[TimeControl "3300+5"]

1. e4 e5 2. Nf3 Nc6 3. d4 exd4 4. Nxd4 Nf6 5. Nc3 Bb4 6. Nxc6 bxc6 7. Bd3 O-O 8. O-O d5 9. exd5 cxd5 10. Bg5 h6 11. Bh4 Bc5 12. Qf3 Re8 13. Bxf6 Qxf6 14. Qxd5 Rb8 15. Qxc5 Bb7 16. Rab1 Rbc8 17. Qf5 Qc6 18. f3 g6 19. Qb5 Rcd8 20. Qxc6 Bxc6 21. Rfe1 Kg7 22. Rxe8 Rxe8 23. Kf2 Kf6 24. Bb5 Bxb5 25. Nxb5 Rd8 26. Ke3 Re8+ 27. Kf2 Rd8 28. Re1 Rb8 29. a4 a6 30. Nxc7 Rxb2 31. Nd5+ Kg7 32. Ne3 Ra2 33. Rc1 Rxa4 34. c4 Ra2+ 35. Kf1 Kf8 36. c5 Ke8 37. c6 Kd8 38. c7+ Kc8 39. Nd5 Ra5 40. Ne7+ Kd7 41. c8=Q+ Kxe7 42. Qc7+ Kf6 43. Qxa5 h5 44. Qxa6+ Kg5 45. Rc5+ Kh6 46. Qc8 Kg7 47. Qd7 Kf8 48. Rc7 Kg7 49. Qxf7+ Kh6 50. Qf4+ g5 51. Qf6# 1-0

[Event "DVM U10 2024"]
[Site "Duesseldorf"]
[Date "2024.12.28"]
[Round "4"]
[White "Bauta, Luan"]
[Black "Hantke, Florian"]
[Result "1-0"]
[ECO "C54"]
[WhiteElo "1063"]
[BlackElo "1517"]
[Annotator "NA"]
[PlyCount "81"]
[EventDate "2024.12.23"]
[EventType "team-tourn"]
[EventRounds "7"]
[EventCountry "GER"]
[SourceTitle "playchess.com"]
[Source "ChessBase"]
[SourceQuality "1"]
[TimeControl "3300+5"]

1. e4 e5 2. Nf3 Nc6 3. Bc4 Bc5 4. c3 Nf6 5. d4 exd4 6. cxd4 Bb4+ 7. Bd2 Bxd2+ 8. Nbxd2 d5 9. exd5 Nxd5 10. O-O O-O 11. h3 Bf5 12. Re1 Qd6 13. Nf1 Rfe8 14. Ng3 Bg6 15. Qd2 Nb6 16. Bb3 Nd5 17. Re2 Nf4 18. Rxe8+ Rxe8 19. Re1 Rxe1+ 20. Qxe1 h6 21. Nh4 Nxd4 22. Nxg6 Nxg6 23. Qe8+ Qf8 24. Bxf7+ Kh8 25. Bxg6 Qxe8 26. Bxe8 Kg8 27. Bd7 Kf7 28. Nf5 Ne2+ 29. Kf1 Nf4 30. Nd4 Nd3 31. b3 Nc5 32. Bg4 Kf6 33. Nb5 Nd3 34. Nxc7 Nc1 35. a4 Nxb3 36. Bc8 Nc5 37. Nb5 a6 38. Nd6 b6 39. Bb7 b5 40. Ne4+ Ke5 41. Nxc5 1-0

[Event "DVM U10 2024"]
[Site "Duesseldorf"]
[Date "2024.12.28"]
[Round "4"]
[White "Fredrich, Tarje"]
[Black "Sander, Bela"]
[Result "0-1"]
[ECO "C50"]
[WhiteElo "1056"]
[BlackElo "1117"]
[Annotator "NA"]
[PlyCount "80"]
[EventDate "2024.12.23"]
[EventType "team-tourn"]
[EventRounds "7"]
[EventCountry "GER"]
[SourceTitle "playchess.com"]
[Source "ChessBase"]
[SourceQuality "1"]
[TimeControl "3300+5"]

1. e4 e5 2. Nf3 Nc6 3. Nc3 Bc5 4. Bc4 d6 5. h3 h6 6. O-O Nf6 7. d3 Qe7 8. Be3 Bxe3 9. fxe3 a6 10. d4 exd4 11. exd4 Bd7 12. Re1 O-O-O 13. e5 Ng8 14. Nd5 Qf8 15. c3 dxe5 16. Nxe5 Nxe5 17. dxe5 Qc5+ 18. Kh1 Qxc4 19. b3 Qc5 20. b4 Qc4 21. Qf3 Be6 22. Nf4 Ne7 23. Nd3 Rxd3 24. Qe2 Rhd8 25. a4 Nf5 26. b5 Ng3+ 27. Kh2 Nxe2 28. Rxe2 axb5 29. axb5 Qxb5 30. Re4 Rd2 31. c4 Qc6 32. Rae1 Bxc4 33. Rg4 Bd5 34. Rg1 b5 35. Rxg7 b4 36. e6 Qxe6 37. Rg3 Qe5 38. h4 Rd3 39. h5 Qxg3+ 40. Kh1 Qh3# 0-1

[Event "DVM U10 2024"]
[Site "Duesseldorf"]
[Date "2024.12.28"]
[Round "4"]
[White "Hornych, Fridtjof"]
[Black "Shandi, Hasan"]
[Result "0-1"]
[ECO "C62"]
[WhiteElo "1053"]
[BlackElo "1153"]
[Annotator "NA"]
[PlyCount "82"]
[EventDate "2024.12.23"]
[EventType "team-tourn"]
[EventRounds "7"]
[EventCountry "GER"]
[SourceTitle "playchess.com"]
[Source "ChessBase"]
[SourceQuality "1"]
[TimeControl "3300+5"]

1. e4 e5 2. Nf3 Nc6 3. Bb5 Nf6 4. O-O d6 5. Nc3 Be7 6. d4 exd4 7. Nxd4 Bd7 8. Nxc6 Bxc6 9. Bxc6+ bxc6 10. Bf4 O-O 11. Qf3 d5 12. e5 Nd7 13. Qg3 Kh8 14. Rfe1 Bh4 15. Qg4 Nb6 16. Red1 f5 17. Qe2 Bg5 18. Qf3 Bxf4 19. Qxf4 Qe7 20. Re1 Rae8 21. Rad1 Nd7 22. e6 Nc5 23. Qe3 Qxe6 24. Qxe6 Rxe6 25. Rxe6 Nxe6 26. Re1 Re8 27. Na4 Kg8 28. Nc5 Kf7 29. Nd3 Nd8 30. Rxe8 Kxe8 31. f4 Ne6 32. c3 Kd7 33. g3 c5 34. Kf2 c4 35. Nb4 Kd6 36. Ke3 Nc5 37. Kd4 c6 38. Nc2 Nd3 39. b3 cxb3 40. axb3 Nf2 41. Ne3 c5# 0-1

[Event "DVM U10 2024"]
[Site "Duesseldorf"]
[Date "2024.12.28"]
[Round "4"]
[White "Fischer, Emil Fiete"]
[Black "Tschötsch, Hugo"]
[Result "0-1"]
[ECO "B87"]
[WhiteElo "1050"]
[BlackElo "1110"]
[Annotator "NA"]
[PlyCount "110"]
[EventDate "2024.12.23"]
[EventType "team-tourn"]
[EventRounds "7"]
[EventCountry "GER"]
[SourceTitle "playchess.com"]
[Source "ChessBase"]
[SourceQuality "1"]
[TimeControl "3300+5"]

1. e4 c5 2. Nf3 e6 3. d4 cxd4 4. Nxd4 Nf6 5. Nc3 d6 6. Bc4 a6 7. O-O b5 8. Bb3 Be7 9. a4 b4 10. Nce2 Nxe4 11. Qd3 d5 12. f3 Nc5 13. Qd1 O-O 14. Ng3 a5 15. Kh1 Qc7 16. Nb5 Qc6 17. Be3 Nxb3 18. cxb3 Ba6 19. Rc1 Qd7 20. Nc7 Bxf1 21. Qxf1 Na6 22. Nxa6 Rac8 23. Nc5 Bxc5 24. Rxc5 Rxc5 25. Bxc5 Rc8 26. Be3 d4 27. Bg1 e5 28. Ne4 Rc2 29. Qb1 Qc7 30. h3 d3 31. Be3 f5 32. Nc5 e4 33. fxe4 Qg3 34. Qg1 Re2 35. Nxd3 Qxe3 36. Qxe3 Rxe3 37. Nf2 fxe4 38. Ng4 Rxb3 39. Kh2 Rxb2 40. Kg3 Ra2 41. Kf4 b3 42. Ke5 b2 43. Ke6 b1=Q 44. Ne5 Qb6+ 45. Ke7 Qc7+ 46. Ke6 e3 47. Nf3 Qf7+ 48. Ke5 e2 49. Ke4 Qxf3+ 50. Kxf3 e1=Q 51. Kf4 Qb4+ 52. Kf3 Ra3+ 53. Kf2 Qb2+ 54. Kg1 Ra2 55. Kf1 Qf2# 0-1

[Event "DVM U10 2024"]
[Site "Duesseldorf"]
[Date "2024.12.28"]
[Round "4"]
[White "Hübner, Jakob"]
[Black "Kinateder, Vitus"]
[Result "1-0"]
[ECO "D02"]
[WhiteElo "1045"]
[BlackElo "1605"]
[Annotator "NA"]
[PlyCount "131"]
[EventDate "2024.12.23"]
[EventType "team-tourn"]
[EventRounds "7"]
[EventCountry "GER"]
[SourceTitle "playchess.com"]
[Source "ChessBase"]
[SourceQuality "1"]
[TimeControl "3300+5"]

1. d4 d5 2. Nf3 Nf6 3. c3 Bf5 4. Bf4 e6 5. e3 a6 6. Bd3 Bxd3 7. Qxd3 Bd6 8. Bg3 c5 9. Nbd2 Bxg3 10. hxg3 c4 11. Qc2 h6 12. O-O-O b5 13. Ne5 Nbd7 14. f4 Nxe5 15. fxe5 Ng4 16. Rde1 Nf2 17. Ref1 Nxh1 18. Rxh1 Qg5 19. Nf1 a5 20. a4 b4 21. b3 Qg6 22. Qb2 Qd3 23. bxc4 Qxc3+ 24. Qxc3 bxc3 25. cxd5 exd5 26. Kc2 Rc8 27. g4 Rc4 28. g5 h5 29. Ng3 h4 30. Nf5 Kf8 31. Rf1 g6 32. Nd6 Rc7 33. Nb5 Rd7 34. Nxc3 h3 35. gxh3 Rxh3 36. Kd3 Rg3 37. Rb1 Rxg5 38. Rb5 Ra7 39. Nxd5 Rg1 40. Nc3 Rc1 41. Nd5 Ra8 42. Ke4 Rc4 43. Nb6 Rcc8 44. Nxc8 Rxc8 45. Rxa5 Ke7 46. Rc5 Ra8 47. a5 g5 48. Kf5 Rg8 49. Kg4 Ke6 50. a6 f5+ 51. exf6 Kxf6 52. a7 Ra8 53. Rc7 Re8 54. Rb7 Ra8 55. e4 Kg6 56. d5 Kf6 57. d6 Ke6 58. d7 Ke7 59. Rb8 Rxa7 60. d8=Q+ Ke6 61. Qb6+ Ke5 62. Qxa7 Kxe4 63. Qc5 Kd3 64. Rb4 Kd2 65. Rb3 Ke2 66. Qc2+ 1-0

[Event "DVM U10 2024"]
[Site "Duesseldorf"]
[Date "2024.12.28"]
[Round "4"]
[White "Pahl, Eirik"]
[Black "Holzhäuser, Thibaut Lautaro"]
[Result "1-0"]
[ECO "D00"]
[WhiteElo "1010"]
[BlackElo "955"]
[Annotator "NA"]
[PlyCount "124"]
[EventDate "2024.12.23"]
[EventType "team-tourn"]
[EventRounds "7"]
[EventCountry "GER"]
[SourceTitle "playchess.com"]
[Source "ChessBase"]
[SourceQuality "1"]
[TimeControl "3300+5"]

1. d4 g6 2. Bg5 Nf6 3. Bxf6 exf6 4. Nc3 Bg7 5. Nf3 d5 6. e4 c6 7. Bd3 Be6 8. O-O O-O 9. Re1 dxe4 10. Nxe4 f5 11. Nc5 Qb6 12. Nxe6 fxe6 13. Ne5 Qxd4 14. Nf3 Qf6 15. Bc4 Re8 16. Re5 b5 17. Bb3 Qf7 18. Ng5 Bxe5 19. Nxf7 Kxf7 20. Qe2 Bxb2 21. Re1 Bc3 22. Bxe6+ Kf6 23. Rd1 Rxe6 24. Qd3 Re1+ 25. Rxe1 Bxe1 26. Qd6+ Kg5 27. Qe7+ Kh6 28. Qxe1 Nd7 29. Qd2+ Kg7 30. Qxd7+ Kh6 31. Qxc6 Rd8 32. g3 Kg5 33. h4+ Kh6 34. Kg2 Rb8 35. Qf3 Rb6 36. Qf4+ Kg7 37. Qc7+ Kf6 38. Qxa7 Re6 39. Qd4+ Kf7 40. Qf4 Kg7 41. g4 Re4 42. Qc7+ Kf6 43. g5+ Ke6 44. Qc6+ Kf7 45. Qf6+ Kg8 46. h5 Rg4+ 47. Kf3 gxh5 48. Qxf5 Kg7 49. Qf6+ Kg8 50. Qe6+ Kg7 51. Qe7+ Kg8 52. Qe8+ Kg7 53. Qxh5 Rc4 54. Qh6+ Kg8 55. Qe6+ Kg7 56. Qd7+ Kg8 57. Qxb5 Rc8 58. Qd5+ Kg7 59. Qd7+ Kg8 60. Qd8+ Kg7 61. Qxc8 h6 62. Qe6 h5 1-0

[Event "DVM U10 2024"]
[Site "Duesseldorf"]
[Date "2024.12.28"]
[Round "4"]
[White "Sandros Izzi, Diego"]
[Black "Mätz, Mark"]
[Result "0-1"]
[ECO "B30"]
[WhiteElo "975"]
[BlackElo "767"]
[Annotator "NA"]
[PlyCount "130"]
[EventDate "2024.12.23"]
[EventType "team-tourn"]
[EventRounds "7"]
[EventCountry "GER"]
[SourceTitle "playchess.com"]
[Source "ChessBase"]
[SourceQuality "1"]
[TimeControl "3300+5"]

1. e4 c5 2. Bc4 Nc6 3. Nf3 e5 4. Nc3 d6 5. d3 Nf6 6. Bg5 Be7 7. Nd5 Nxd5 8. exd5 Bxg5 9. dxc6 bxc6 10. Nxg5 Qxg5 11. Qf3 d5 12. Bb3 Bf5 13. O-O O-O 14. c4 e4 15. dxe4 Bxe4 16. Qg3 Qf6 17. f3 Qd4+ 18. Kh1 Bg6 19. cxd5 cxd5 20. Qf2 Qe5 21. Qxc5 Rfd8 22. Rae1 Qxb2 23. Bxd5 Rac8 24. Qa5 Bd3 25. Rg1 Qd4 26. Be4 h6 27. Bxd3 Qxd3 28. Qxa7 Rd7 29. Qa4 Rcd8 30. h3 Qd5 31. Re2 Ra8 32. Qc2 g6 33. Rge1 Rdd8 34. a4 Qd4 35. Re4 Qd7 36. Qd2 Qxd2 37. R1e2 Qd7 38. Ra2 Ra7 39. Kh2 Rda8 40. a5 f5 41. Re5 Qc7 42. Rae2 Rxa5 43. f4 Rxe5 44. fxe5 Re8 45. g3 g5 46. e6 f4 47. gxf4 Qxf4+ 48. Kg2 Kg7 49. e7 Kf7 50. Rf2 Rxe7 51. Rxf4+ gxf4 52. Kf3 Kg6 53. Kxf4 h5 54. h4 Rc7 55. Kg3 Kf5 56. Kf3 Rc3+ 57. Kg2 Kg4 58. Kh2 Kxh4 59. Kg2 Kg4 60. Kh2 Rb3 61. Kg2 Rb2+ 62. Kf1 h4 63. Kg1 Kf3 64. Kh1 Kg3 65. Kg1 Rb1# 0-1

[Event "DVM U10 2024"]
[Site "Duesseldorf"]
[Date "2024.12.28"]
[Round "4"]
[White "Klages, Justus"]
[Black "Pohlmann, Johannes Leon"]
[Result "0-1"]
[ECO "B28"]
[WhiteElo "972"]
[BlackElo "1127"]
[Annotator "NA"]
[PlyCount "129"]
[EventDate "2024.12.23"]
[EventType "team-tourn"]
[EventRounds "7"]
[EventCountry "GER"]
[SourceTitle "playchess.com"]
[Source "ChessBase"]
[SourceQuality "1"]
[TimeControl "3300+5"]

1. e4 c5 2. c3 e6 3. d4 d5 4. e5 a6 5. Nf3 Nc6 6. Be3 Qc7 7. Bd3 Bd7 8. Nbd2 Be7 9. O-O O-O-O 10. Rb1 Kb8 11. a3 f6 12. exf6 Nxf6 13. b4 c4 14. Bc2 Na7 15. Ne5 Be8 16. a4 Bd6 17. Bf4 Nd7 18. Re1 Nxe5 19. Bxe5 Bxe5 20. dxe5 Bg6 21. Bxg6 hxg6 22. Qg4 Qf7 23. Qd4 Nc6 24. Qc5 Qe7 25. Qxe7 Nxe7 26. b5 a5 27. Rb2 Nc8 28. Reb1 Nb6 29. Nf3 Rdf8 30. Ra2 Rh5 31. h3 Rhf5 32. Kf1 Rxf3 33. gxf3 Rxf3 34. Rc1 Rxh3 35. Kg2 Rd3 36. f3 Ka7 37. Kg3 Nd7 38. Kf4 g5+ 39. Kg4 Nxe5+ 40. Kxg5 Rxf3 41. Rb2 b6 42. Rd2 Rf5+ 43. Kh4 Nf3+ 44. Kh3 Nxd2 45. Re1 Rf6 46. Rg1 Rh6+ 47. Kg3 Rg6+ 48. Kf2 Rxg1 49. Kxg1 Nb1 50. Kf2 Nxc3 51. Kf3 Nxa4 52. Ke3 Nc3 53. Kd2 Nxb5 54. Kc2 d4 55. Kb2 d3 56. Kc1 c3 57. Kd1 d2 58. Kc2 Nd4+ 59. Kd1 Nf3 60. Kc2 a4 61. Kd1 a3 62. Kc2 a2 63. Kxc3 d1=Q 64. Kc4 a1=Q 65. Kb5 0-1

[Event "DVM U10 2024"]
[Site "Duesseldorf"]
[Date "2024.12.28"]
[Round "4"]
[White "Özdemir, Anna Valentina"]
[Black "Wang, Alice"]
[Result "1-0"]
[ECO "C56"]
[WhiteElo "954"]
[BlackElo "958"]
[Annotator "NA"]
[PlyCount "79"]
[EventDate "2024.12.23"]
[EventType "team-tourn"]
[EventRounds "7"]
[EventCountry "GER"]
[SourceTitle "playchess.com"]
[Source "ChessBase"]
[SourceQuality "1"]
[TimeControl "3300+5"]

1. e4 e5 2. Nf3 Nc6 3. d4 d6 4. Bc4 Nf6 5. dxe5 dxe5 6. Qxd8+ Nxd8 7. Nc3 Nc6 8. Bg5 h6 9. Bxf6 gxf6 10. O-O Be6 11. Bxe6 fxe6 12. Rad1 Bd6 13. Nb5 O-O-O 14. h3 f5 15. Rfe1 Kb8 16. c3 a6 17. Nxd6 cxd6 18. b4 d5 19. exf5 exf5 20. Nxe5 Ne7 21. Nf7 Ng6 22. Nxd8 Rxd8 23. c4 Ne7 24. Rxe7 d4 25. b5 axb5 26. cxb5 d3 27. a4 d2 28. Kf1 Ka7 29. Ke2 Kb6 30. Rxd2 Rxd2+ 31. Kxd2 Ka5 32. Rxb7 Kxa4 33. b6 Ka5 34. Kc3 Ka6 35. Rc7 Kxb6 36. Rc4 Kb5 37. g4 fxg4 38. hxg4 Kb6 39. f4 Kb5 40. f5 1-0

[Event "DVM U10 2024"]
[Site "Duesseldorf"]
[Date "2024.12.28"]
[Round "4"]
[White "Zhu, Elias"]
[Black "Essers, Mathilda Marie"]
[Result "1-0"]
[ECO "B30"]
[WhiteElo "934"]
[BlackElo "1435"]
[Annotator "NA"]
[PlyCount "113"]
[EventDate "2024.12.23"]
[EventType "team-tourn"]
[EventRounds "7"]
[EventCountry "GER"]
[SourceTitle "playchess.com"]
[Source "ChessBase"]
[SourceQuality "1"]
[TimeControl "3300+5"]

1. e4 c5 2. Nf3 e6 3. Nc3 Nc6 4. Bc4 a6 5. O-O d6 6. d3 h6 7. Re1 Nf6 8. Be3 d5 9. exd5 exd5 10. Bb3 d4 11. Bxd4+ Be7 12. Bxc5 O-O 13. Bxe7 Nxe7 14. d4 Bd7 15. Ba4 Bxa4 16. Nxa4 Nc6 17. c4 b5 18. cxb5 axb5 19. Nc5 Nd7 20. Nxd7 Qxd7 21. a3 Ra7 22. Ne5 Nxe5 23. dxe5 Qxd1 24. Raxd1 Kh7 25. Rd5 Rb7 26. e6 fxe6 27. Rxe6 Rc7 28. Re1 Re8 29. Red1 Rf8 30. Rxb5 Rfc8 31. g3 Rc1 32. Rxc1 Rxc1+ 33. Kg2 g5 34. a4 Ra1 35. a5 Kg7 36. b4 Kf7 37. Rb6 Ke7 38. Rc6 Kd7 39. Rc4 Ra4 40. h4 g4 41. Rxg4 Kc6 42. Rg6+ Kb5 43. f4 Rxb4 44. a6 Ra4 45. f5 Ra2+ 46. Kh3 Rxa6 47. Rxa6 Kxa6 48. f6 h5 49. f7 Ka5 50. f8=Q Ka4 51. Qb8 Ka5 52. Kg2 Ka4 53. Kf3 Ka5 54. Ke4 Ka4 55. Kd4 Ka3 56. Kc3 Ka4 57. Qb4# 1-0

[Event "DVM U10 2024"]
[Site "Duesseldorf"]
[Date "2024.12.28"]
[Round "4"]
[White "Najjar, Anton"]
[Black "Peters, Leopold"]
[Result "1/2-1/2"]
[ECO "C02"]
[WhiteElo "933"]
[BlackElo "1701"]
[Annotator "NA RC"]
[PlyCount "45"]
[EventDate "2024.12.23"]
[EventType "team-tourn"]
[EventRounds "7"]
[EventCountry "GER"]
[SourceTitle "playchess.com"]
[Source "ChessBase"]
[SourceQuality "1"]
[TimeControl "3300+5"]

1. e4 e6 2. d4 d5 3. e5 c5 4. c3 Nc6 5. Nf3 Bd7 6. Be2 Qb6 7. dxc5 Bxc5 8. O-O f6 9. exf6 Nxf6 10. Nbd2 O-O 11. Nb3 Bd6 12. Be3 Qc7 13. Nc5 b6 14. Nxd7 Qxd7 15. Bd3 e5 16. Bb5 a6 17. Be2 b5 18. Bg5 e4 19. Nd4 Nxd4 20. Qxd4 Be7 21. Rad1 Rfd8 22. Bxf6 Bxf6 23. Qd2 1/2-1/2

[Event "DVM U10 2024"]
[Site "Duesseldorf"]
[Date "2024.12.28"]
[Round "4"]
[White "Baskurt, Ayaz"]
[Black "Leppin, Joris"]
[Result "1-0"]
[ECO "B00"]
[WhiteElo "903"]
[BlackElo "890"]
[Annotator "NA"]
[PlyCount "111"]
[EventDate "2024.12.23"]
[EventType "team-tourn"]
[EventRounds "7"]
[EventCountry "GER"]
[SourceTitle "playchess.com"]
[Source "ChessBase"]
[SourceQuality "1"]
[TimeControl "3300+5"]

1. e4 b6 2. Bc4 Bb7 3. d3 Nc6 4. Ne2 g6 5. O-O Bg7 6. Be3 Nf6 7. Nd2 d6 8. Nd4 Nxd4 9. Bxd4 O-O 10. Re1 e5 11. Be3 Ng4 12. Qxg4 Bc8 13. Qe2 Qh4 14. Bd5 Rb8 15. Nf3 Qg4 16. Ng5 Bh6 17. Qxg4 Bxg4 18. h3 Bxg5 19. hxg4 Bxe3 20. Rxe3 Rbc8 21. Rae1 c6 22. Bb3 c5 23. c3 b5 24. Rc1 c4 25. dxc4 bxc4 26. Ba4 f5 27. exf5 gxf5 28. gxf5 Rxf5 29. Rf3 Rxf3 30. gxf3 Kh8 31. Bb5 Rg8+ 32. Kf1 Rf8 33. Bxc4 Rxf3 34. Bd5 Rd3 35. Be4 Rh3 36. Rd1 Rh4 37. f3 Rh1+ 38. Ke2 Rh2+ 39. Ke3 Rxb2 40. Rxd6 Rxa2 41. Rd8+ Kg7 42. Rd7+ Kh8 43. Rxh7+ Kg8 44. Bd5+ Kxh7 45. Bxa2 Kg6 46. c4 Kf5 47. c5 Kf6 48. c6 Ke7 49. Bd5 Kd6 50. Ke4 a5 51. Bg8 Kxc6 52. Kxe5 a4 53. f4 Kd7 54. Kf6 Ke8 55. Kg7 Ke7 56. f5 1-0